 Dungeon Crawl Stone Soup version 0.30-a0-360-g447f08457e (webtiles) character file.

Game seed: 15549625552648322350

435 pokeman the Magician (level 6, -9/34 HPs)
             Began as a Deep Elf Hedge Wizard on Nov 13, 2022.
             Was an Initiate of Vehumet.
             Mangled by Edmund
             ... wielding a +3 dire flail of protection
              (10 damage)
             ... on level 5 of the Dungeon.
             The game lasted 00:08:13 (4273 turns).

pokeman the Magician (Deep Elf Hedge Wizard)        Turns: 4273, Time: 00:08:14

Health: -9/34      AC:  5    Str:  7    XL:     6   Next: 68%
Magic:  1/18       EV: 12    Int: 21    God:    Vehumet [......]
Gold:   125        SH:  0    Dex: 14    Spells: 11/19 levels left

rFire   . . .      SeeInvis .    k - +1 dagger (venom)
rCold   . . .      Faith    .    (no shield)
rNeg    . . .      Spirit   .    m - +0 leather armour
rPois   .          Reflect  .    y - +0 helmet
rElec   .          Harm     .    t - +0 cloak
rCorr   +          Rampage  .    (no gloves)
Will    .....                    (no boots)
Stlth   ++........               (no amulet)
HPRegen 0.25/turn                h - ring of resist corrosion
MPRegen 0.16/turn                i - ring of flight

@: flying, very slightly contaminated
A: no striking features
a: Renounce Religion


You were on level 5 of the Dungeon.
You worshipped Vehumet.
Vehumet was noncommittal.
You visited 1 branch of the dungeon, and saw 5 of its levels.

You collected 125 gold pieces.

Inventory:

Hand Weapons
 k - a +1 dagger of venom (weapon)
 A - a +1 falchion of holy wrath
Armour
 m - a +0 leather armour (worn)
 t - a +0 cloak (worn)
 y - a +0 helmet (worn)
Jewellery
 h - a ring of resist corrosion (left hand)
 i - a ring of flight (right hand)
 u - an amulet of guardian spirit
Wands
 o - a wand of mindburst (15)
Scrolls
 b - a scroll of magic mapping {unknown}
 c - a scroll of blinking {unknown}
 e - a scroll of enchant weapon {unknown}
 f - 3 scrolls of identify {unknown}
 g - a scroll of brand weapon {unknown}
 n - a scroll of vulnerability {unknown}
 p - a scroll of fear {unknown}
 q - a scroll of immolation {unknown}
 r - 5 scrolls of teleportation {unknown}
Potions
 a - a potion of lignification {unknown}
 d - a potion of magic
 j - 4 potions of curing
 l - a potion of degeneration {unknown}
 s - a potion of invisibility {unknown}
 v - 2 potions of heal wounds {unknown}
 w - a potion of attraction {unknown}
 x - a potion of flight {unknown}
 z - a potion of brilliance {unknown}


   Skills:
 + Level 1.1 Fighting
 - Level 1.0 Armour
 - Level 3.0 Dodging
 - Level 4.0 Stealth
 * Level 7.3 Spellcasting
 + Level 3.3 Conjurations
 - Level 1.1 Summonings
 - Level 1.1 Translocations
 + Level 0.8 Air Magic
 - Level 1.0 Poison Magic
 - Level 1.1 Evocations


You had 11 spell levels left.
You knew the following spells:

 Your Spells              Type           Power      Damage    Failure   Level
a - Magic Dart            Conj           84%        1d7       3%          1
b - Mephitic Cloud        Conj/Pois/Air  15%        N/A       19%         3
c - Call Imp              Summ           12%        N/A       12%         2
d - Blink                 Tloc           24%        N/A       12%         2

Your spell library contained the following spells:

 Spells                   Type           Power      Damage    Failure   Level
 Momentum Strike          Conj/Tloc      34%        3d8       8%          2
 Slow                     Hex            28%        N/A       12%         1
 Cigotuvi's Dreadful Rot  Necr/Pois/Air  20%        N/A       14%         2
 Lesser Beckoning         Tloc           24%        N/A       24%         3
 Summon Guardian Golem    Hex/Summ       10%        N/A       30%         3
 Ignite Poison            Fire/Tmut/Pois 9%         N/A       32%         3
 Sticky Flame             Conj/Fire      14%        2d4       52%         4
 Enfeeble                 Hex            3%         N/A       100%        7
 Discord                  Hex            3%         N/A       100%        8
 Ignition                 Fire           3%         3d4       100%        8


Dungeon Overview and Level Annotations

Branches:
Dungeon (5/15)
 Temple: D:4-7

Altars:
Vehumet
Wu Jian

Shops:
D:3 (

Portals:
Ossuary: D:5

Annotations:
D:5 Edmund


Message History

Aiming: Mephitic Cloud (quite dangerous; 19% risk of failure)
Press: ? - help, Shift-Dir - straight line, f/p - Edmund
Aim: Edmund, wielding a +3 dire flail of protection and wearing a +0 ring mail (chance to affect: 81%) That beam is likely to hit you.
Continue anyway?
The ball explodes into a vile cloud!
The stinking cloud engulfs Edmund but does no damage.
The stinking cloud engulfs you but does no damage.
You are engulfed in noxious fumes.
You choke on the stench!
You are confused.
Edmund is engulfed in noxious fumes.
Edmund appears confused.
Edmund hits you with a +3 dire flail of protection!
* * * LOW HITPOINT WARNING * * *
Unknown command.
You feel less confused.
Edmund is engulfed in noxious fumes.
Edmund appears confused.
Unknown command.
Edmund asks, "What the hell are we doing here?
Hmm, I see..."
Edmund drinks a potion.
Edmund seems less confused.
You see here an adder corpse.
There is a stone staircase leading up here.
Edmund attacks as you move away!
Edmund hits you with a +3 dire flail of protection.
* * * LOW HITPOINT WARNING * * *
Casting: Mephitic Cloud (quite dangerous; 19% risk of failure)
Confirm with . or Enter, or press ? or * to list all spells.
The spell is quite dangerous to miscast (19% risk of failure)!
Continue anyway?
Aiming: Mephitic Cloud (quite dangerous; 19% risk of failure)
Press: ? - help, Shift-Dir - straight line, f/p - Edmund
Aim: Edmund, wielding a +3 dire flail of protection and wearing a +0 ring mail (chance to affect: 81%) That beam is likely to hit you.
Continue anyway?
You miscast Mephitic Cloud.
You are very lightly contaminated with residual magic.
Nothing appears to happen.
Edmund barely misses you.
You closely miss Edmund.
Edmund hits you with a +3 dire flail of protection.
* * * LOW HITPOINT WARNING * * *
Unknown command.
Edmund attacks as you move away!
Edmund hits you with a +3 dire flail of protection!
You die...

........##.....##
..!.............#
.....####.......#
..... #.......#
<... ##..M..##
.... ##..†..## .
#...<...#
#...@...#
#...@...#
##.....## ##...##
#####


You could see Edmund and a mummy.

Vanquished Creatures
  A black bear (D:4)
  A necrophage (D:4)
  2 hounds
  2 orc priests
  A jelly (D:5)
  4 adders
  4 dart slugs
  11 orcs
  3 ball pythons
  5 bats
  6 endoplasms
  A giant cockroach (D:1)
  4 hobgoblins (D:1)
  9 kobolds
  3 quokkas
  2 frilled lizards (D:2)
  12 goblins
  2 rats
73 creatures vanquished.

Notes
Turn   | Place    | Note
-------+----------+-------------------------------------------
     0 | D:1      | pokeman the Deep Elf Hedge Wizard began the quest for the
                  | Orb.
     0 | D:1      | Reached XP level 1. HP: 10/10 MP: 7/7
   231 | D:1      | Reached XP level 2. HP: 15/15 MP: 2/9
   597 | D:1      | Reached skill level 5 in Spellcasting
   703 | D:1      | Reached XP level 3. HP: 20/20 MP: 2/11
   707 | D:1      | Learned a level 3 spell: Mephitic Cloud
   710 | D:1      | Learned a level 2 spell: Call Imp
   713 | D:1      | Learned a level 2 spell: Blink
  1232 | D:2      | Found a faded altar of an unknown god.
  1510 | D:2      | Reached skill level 1 in Fighting
  1640 | D:2      | Reached skill level 1 in Armour
  1916 | D:2      | Reached XP level 4. HP: 25/25 MP: 6/13
  2527 | D:3      | Found Keaf's Weapon Boutique.
  2962 | D:4      | Reached skill level 6 in Spellcasting
  3001 | D:4      | Noticed a black bear
  3013 | D:4      | Killed a black bear
  3014 | D:4      | Reached skill level 1 in Evocations
  3014 | D:4      | Reached XP level 5. HP: 20/29 MP: 12/16
  3031 | D:4      | Reached XP level 6. HP: 19/34 MP: 0/17
  3232 | D:4      | Reached skill level 1 in Poison Magic
  3410 | D:4      | Reached skill level 7 in Spellcasting
  3526 | D:4      | Found an ornate altar of the Wu Jian Council.
  4104 | D:5      | Entered Level 5 of the Dungeon
  4136 | D:5      | Found a radiant altar of Vehumet.
  4146 | D:5      | Became a worshipper of Vehumet
  4248 | D:5      | Got the Catalogue of Charms
  4253 | D:5      | Found a sand-covered staircase.
  4254 | D:5      | Noticed Edmund
  4272 | D:5      | HP: 1/34 [Edmund/+3 dire flail of protection (2)]
  4273 | D:5      | Mangled by Edmund

Illustrated notes

Levels and vault maps discovered:
D:1:      minmay_arrival_open_corners, layout_loops_ring, serial_aquarium,
          aquarium_bridge_square [aquarium_subvault_bridge,
          aquarium_subvault_bridge, aquarium_subvault_wall,
          aquarium_subvault_wall], aquarium_window_corner, aquarium_window_1,
          aquarium_view_2c, aquarium_view_2d, minmay_tetromino_l2
D:2:      layout_loops_cross, shapermc_ecumenical_altar_totnotflames,
          kennysheep_cross_bottleneck
D:3:      layout_basic, serial_shops, shop, kennysheep_boxes
D:4:      layout_cave_pods, pdpol_wu_jian_five_deadly_venoms
D:5:      layout_rooms, lemuel_tele_altar, nicolae_overflow_hidden_temple,
          gup_ossuary_entry_pyramid, roderic_three_in_a_row, uniq_edmund,
          uniq_crazy_yiuf_cottage

Skill      XL: |  1  2  3  4  5  6 |
---------------+-------------------+-----
Spellcasting   | 5 6 7 |  7.3
Fighting       | 1 |  1.1
Armour         | 1 |  1.0
Conjurations   | 2 3 |  3.3
Dodging        | 3 |  3.0
Stealth        | 3 4 |  4.0
Evocations     | 1 |  1.1
Poison Magic   | 1 |  1.0
Summonings     | |  1.1
Translocations | |  1.1
Air Magic      | |  0.8

Action                   |  1- 3 |  4- 6 || total
-------------------------+-------+-------++-------
Melee: Dagger            |    22 |    29 ||    51
 Cast: Magic Dart        |   100 |    83 ||   183
       Mephitic Cloud    |       |     5 ||     5
 Stab: Confused          |       |     3 ||     3
       Sleeping          |       |     1 ||     1
Armor: Robe              |    11 |       ||    11
       Leather armour    |       |     7 ||     7
Dodge: Dodged            |    26 |    42 ||    68

Table legend: (Time is in decaauts)
 A = Elapsed time spent in this place.
 B = Non-inter-level travel time spent in this place.
 C = Inter-level travel time spent in this place.
 D = Time resting spent in this place.
 E = Time spent auto-exploring this place.
 F = Levels seen in this place.
 G = Mean time per level.
                   A        B        C        D        E       F      G
               +--------+--------+--------+--------+--------+-----+--------+
         Total |   4270 |   4147 |    123 |     84 |   3497 |   5 |  854.0 |
       Dungeon |   4270 |   4147 |    123 |     84 |   3497 |   5 |  854.0 |
               +--------+--------+--------+--------+--------+-----+--------+

Top non-repeatable levels by time:
     D:4: 1195 daAuts
     D:1: 1154 daAuts
     D:2: 1008 daAuts
     D:3: 791 daAuts
     D:5: 120 daAuts
